 Dungeon Crawl Stone Soup version 0.29-a0-422-gafbd6decc1 (webtiles) character file.

Game seed: 12435569304033358302

16676 hquester the Grappler (level 12, -1/118 HPs)
             Began as a Troll Berserker on May 18, 2022.
             Was a High Priest of Trog.
             Slain by a black mamba (9 damage)
             ... on level 2 of the Lair of Beasts.
             The game lasted 00:41:18 (9013 turns).

hquester the Grappler (Troll Berserker)             Turns: 9013, Time: 00:41:18

Health: -1/118     AC: 11    Str: 28    XL:     12   Next: 12%
Magic:  11/11      EV: 12    Int:  3    God:    Trog [*****.]
Gold:   1146       SH:  0    Dex: 13    Spells: 11/11 levels left

rFire   . . .      SeeInvis .     - Unarmed
rCold   . . .      Faith    +   (no shield)
rNeg    . . .      Spirit   .   E - +0 acid dragon scales
rPois   .          Reflect  .   t - +2 hat
rElec   .          Harm     .   (no cloak)
rCorr   +          Rampage  .   (gloves unavailable)
Will    .....                   (boots unavailable)
Stlth   +.........              A - amulet of faith
HPRegen 1.09/turn               m - ring of resist corrosion
MPRegen 0.12/turn               (no ring)

@: lethally poisoned (-1 -> -1)
A: large, unfitting armour, claws 3, regeneration 1, shaggy fur 1, tough skin 1
a: Renounce Religion, Berserk, Trog's Hand, Brothers in Arms


You were on level 2 of the Lair of Beasts.
You worshipped Trog.
Trog was extremely pleased with you.
You visited 2 branches of the dungeon, and saw 13 of its levels.

You collected 1146 gold pieces.

Inventory:

Hand Weapons
 v - the +7 whip of Moetudel {venom, rC+}
   (You found it on level 4 of the Dungeon)

   It poisons the flesh of those it strikes.
   rC:        It protects you from cold.
Missiles
 K - a throwing net (quivered)
Armour
 t - a +2 hat (worn)
 E - +0 acid dragon scales (worn)
 I - a scarf of harm
Jewellery
 d - a ring of fire
 m - a ring of resist corrosion (left claw)
 A - an amulet of faith (around neck)
 J - a ring of ice
 L - an amulet of the acrobat
Wands
 f - a wand of polymorph (4)
 l - a wand of digging (5)
 x - a wand of iceblast (31)
 D - a wand of flame (15)
 G - a wand of charming (7)
Scrolls
 a - 2 scrolls of enchant weapon
 b - 3 scrolls of identify
 c - 2 scrolls of enchant armour
 i - a scroll of blinking
 n - a scroll of magic mapping
 p - 4 scrolls of vulnerability
 q - 5 scrolls of fog
 r - 2 scrolls of teleportation
 s - a scroll of brand weapon
 u - 4 scrolls of immolation
 y - 2 scrolls of summoning
 z - 2 scrolls of fear
 C - 2 scrolls of poison
Potions
 e - 3 potions of curing
 g - a potion of might
 h - 4 potions of attraction
 j - 3 potions of flight
 k - 3 potions of haste
 o - a potion of ambrosia
 w - 5 potions of heal wounds
 B - a potion of invisibility


   Skills:
 + Level 7.5 Fighting
 + Level 7.1 Maces & Flails
 + Level 6.7 Armour
 + Level 7.4 Dodging
 * Level 12.1 Unarmed Combat


You had 11 spell levels left.
You didn't know any spells.
Your spell library was empty.

Dungeon Overview and Level Annotations

Branches:
Dungeon (11/15)            Temple (0/1) D:4            Lair (2/6) D:9
    Orc (0/2) D:11
  Swamp: Lair:2-4    Shoals: Lair:2-4     Snake: Lair:2-4    Spider: Lair:2-4

Altars:
Fedhas

Shops:
D:6 !   D:7 =   D:8 =


Innate Abilities, Weirdness & Mutations

You are too large for most types of armour.
You have claws for hands.
Your natural rate of healing is unusually fast.
You are covered in fur. (AC +1)
You have tough skin. (AC +1)


Message History

A blink frog comes into view.
The blink frog croaks.
Found a club.
A cane toad comes into view.
The cane toad gives a loud, deep croak!
The blink frog hits you.
* * * LOW HITPOINT WARNING * * *
The blink frog blinks!
The eight-headed hydra looks more healthy.
The blink frog blinks!
As you read the scroll of teleportation, it crumbles to dust.
You feel strangely unstable.
Found a marble ring.
The blink frog blinks!
The blink frog blinks! x2
The cane toad attacks as you move away! The cane toad stings you.
* * * LOW HITPOINT WARNING * * *
You are poisoned.
The cane toad poisons you!
Your surroundings suddenly seem different. 2 black mambas come into view.
You feel very sick.
The black mamba hisses angrily. x2
The +7 whip of Moetudel {venom, rC+} stops dripping with poison.
You are now empty-clawed.
You feel sick.
You claw the black mamba!
The black mamba is heavily wounded.
You feel sick. The black mamba closely misses you.
The black mamba bites you but does no damage.
You mangle the black mamba!!
You kill the black mamba!
Trog accepts your kill.
You feel sick.
You hear an angry hiss.
The black mamba misses you.
A komodo dragon comes into view.
Your troll goes berserk!
You feel sick. The black mamba bites you!
* * * LOW HITPOINT WARNING * * *
The black mamba bites you!
You die...

# .. .... .
.... #.
.... ..
#### .l ##.
##...####
#....T@.#
..P....S..#
.........##
..#......#
. #......#
#......#
##+.+##. ..
.


You could see a komodo dragon, a black mamba (ally target) and a friendly troll
(summoned, berserk).

Vanquished Creatures
  5 two-headed ogres
  A boulder beetle (D:9)
  The ghost of Hubjo the Thaumaturge, a novice DEFE of Ashenzari (D:10)
  Lodul (D:10)
  Joseph (D:7)
  A black mamba (Lair:2)
  3 cane toads
  2 komodo dragons
  A rime drake (Lair:1)
  A hornet (D:9)
  Sigmund (D:4)
  Eustachio (D:5)
  16 yaks
  2 steam dragons (D:8)
  Grum (D:9)
  An acid dragon (D:10)
  Duvessa (D:5)
  3 water moccasins
  A sky beast (D:6)
  2 orc warriors (D:9)
  An ice beast (D:8)
  7 ogres (D:10)
  6 wolves
  5 centaurs
  2 phantoms (D:11)
  Blork the orc (D:4)
  2 gnoll sergeants
  8 bullfrogs
  A necrophage (D:7)
  4 scorpions
  5 wights
  Dowan (D:5)
  A troll zombie (D:11)
  6 killer bees (D:11)
  4 howler monkeys
  A jelly (D:6)
  A gnoll shaman (D:6)
  5 orc priests
  6 hounds
  2 iguanas (D:5)
  10 orc wizards
  7 ogre zombies (D:11)
  8 adders
  14 gnolls
  2 river rats (Lair:2)
  2 shadow imps
  2 white imps
  4 dart slugs
  A worm (D:5)
  32 orcs
  6 ball pythons
  5 endoplasms
  3 giant cockroaches
  6 goblins
  4 hobgoblins
  2 jackals (D:4)
  6 kobolds
  3 bats
  2 frilled lizards (D:2)
  3 goblin skeletons (D:11)
  A goblin zombie (D:11)
  3 hobgoblin skeletons (D:11)
  2 hobgoblin zombies (D:11)
  2 orc skeletons (D:11)
  14 orc zombies (D:11)
  6 rats
  2 bushes (Lair:1)
267 creatures vanquished.

Vanquished Creatures (collateral kills)
  Fannar (Lair:1)
  A two-headed ogre (D:9)
  A centaur (D:9)
3 creatures vanquished.

Vanquished Creatures (others)
  2 orcs (D:8)
  4 fungi
  22 plants
28 creatures vanquished.

Grand Total: 298 creatures vanquished

Notes
Turn   | Place    | Note
-------+----------+-------------------------------------------
     0 | D:1      | hquester the Troll Berserker began the quest for the Orb.
     0 | D:1      | Reached XP level 1. HP: 22/22 MP: 0/0
   260 | D:1      | Reached XP level 2. HP: 29/29 MP: 1/1
   570 | D:2      | Reached XP level 3. HP: 36/36 MP: 2/2
   644 | D:2      | Reached ** piety under Trog
   824 | D:2      | Found a faded altar of an unknown god.
  1077 | D:3      | Reached XP level 4. HP: 45/45 MP: 3/3
  1617 | D:4      | Noticed a scorpion
  1626 | D:4      | Killed a scorpion
  1627 | D:4      | Reached skill level 4 in Unarmed Combat
  1627 | D:4      | Reached XP level 5. HP: 53/53 MP: 4/4
  1811 | D:4      | Found a staircase to the Ecumenical Temple.
  1812 | D:4      | Noticed Blork the orc
  1824 | D:4      | Killed Blork the orc
  1825 | D:4      | Reached skill level 1 in Armour
  1833 | D:4      | Identified the +7 whip of Moetudel {venom, rC+}
  1918 | D:4      | Noticed Sigmund
  1926 | D:4      | Killed Sigmund
  1927 | D:4      | Reached skill level 1 in Maces & Flails
  1927 | D:4      | Reached XP level 6. HP: 51/61 MP: 5/5
  2014 | D:4      | Reached skill level 5 in Unarmed Combat
  2217 | D:5      | Entered Level 5 of the Dungeon
  2347 | D:5      | Reached XP level 7. HP: 68/68 MP: 6/6
  2347 | D:5      | Reached *** piety under Trog
  2438 | D:5      | Noticed Eustachio
  2460 | D:5      | Killed Eustachio
  2592 | D:5      | Noticed Dowan
  2594 | D:5      | Noticed Duvessa
  2616 | D:5      | Killed Duvessa
  2623 | D:5      | Killed Dowan
  2770 | D:5      | Found a blossoming altar of Fedhas.
  2815 | D:5      | Reached skill level 6 in Unarmed Combat
  2902 | D:5      | Reached XP level 8. HP: 78/78 MP: 7/7
  3068 | D:5      | Reached skill level 7 in Unarmed Combat
  3481 | D:6      | Found Ataetzeapp's Distillery.
  3812 | D:7      | Noticed Joseph
  3885 | D:7      | Killed Joseph
  3886 | D:7      | Reached skill level 5 in Fighting
  3886 | D:7      | Reached skill level 5 in Dodging
  3886 | D:7      | Reached XP level 9. HP: 20/88 MP: 8/8
  4002 | D:7      | Reached skill level 8 in Unarmed Combat
  4018 | D:7      | Found Izymm's Jewellery Boutique.
  4658 | D:8      | Reached **** piety under Trog
  4804 | D:8      | Found Ozip's Jewellery Emporium.
  5263 | D:8      | Reached skill level 9 in Unarmed Combat
  5538 | D:9      | Reached XP level 10. HP: 71/98 MP: 9/9
  5655 | D:9      | Noticed a two-headed ogre
  5663 | D:9      | Killed a two-headed ogre
  5664 | D:9      | Reached skill level 5 in Maces & Flails
  5740 | D:9      | Found a staircase to the Lair.
  5801 | D:9      | Noticed a two-headed ogre
  5810 | D:9      | Killed a two-headed ogre
  5811 | D:9      | Reached skill level 5 in Armour
  5831 | D:9      | Found the +15 Maxwell's patent armour {-Cast -Tele rElec
                  | Will+ rCorr}
  5840 | D:9      | Noticed Grum
  5846 | D:9      | Killed Grum
  5897 | D:9      | Reached skill level 10 in Unarmed Combat
  5973 | D:9      | Noticed a boulder beetle
  5982 | D:9      | Killed a boulder beetle
  6191 | D:10     | Entered Level 10 of the Dungeon
  6219 | D:10     | Noticed Lodul
  6244 | D:10     | Killed Lodul
  6245 | D:10     | Reached XP level 11. HP: 71/107 MP: 10/10
  6477 | D:10     | Noticed Hubjo's ghost (novice DEFE)
  6480 | D:10     | Found a runed translucent door.
  6764 | D:10     | Noticed a two-headed ogre
  6770 | D:10     | Killed a two-headed ogre
  7036 | D:10     | Killed Hubjo's ghost
  7086 | D:11     | Noticed a two-headed ogre
  7096 | D:11     | Killed a two-headed ogre
  7097 | D:11     | Reached skill level 11 in Unarmed Combat
  7215 | D:11     | Found a staircase to the Orcish Mines.
  7338 | D:11     | Reached ***** piety under Trog
  7375 | D:11     | Found the +7 staff of the Meek {protect, meekguard}
  7417 | D:11     | Noticed a two-headed ogre
  7423 | D:11     | Killed a two-headed ogre
  7507 | D:11     | Noticed a two-headed ogre
  7520 | D:11     | Killed a two-headed ogre
  7989 | Lair:1   | Entered Level 1 of the Lair of Beasts
  8225 | Lair:1   | Noticed Fannar
  8259 | Lair:1   | Killed Fannar
  8446 | Lair:1   | Reached skill level 12 in Unarmed Combat
  8446 | Lair:1   | Reached XP level 12. HP: 94/118 MP: 11/11
  8985 | Lair:2   | Noticed an eight-headed hydra
  9013 | Lair:2   | Slain by a black mamba

Illustrated notes

Levels and vault maps discovered:
D:1:      minmay_arrival_shoal_huts, layout_basic
D:2:      layout_rooms, dreamdust_ecumenical_altar_grove, minmay_close_crescents
D:3:      layout_loops_ring, nrook_mini_vaults
D:4:      layout_basic, temple_statues, uniq_sigmund, uniq_blork_the_orc
D:5:      layout_loops_corners, fedhas_bush_and_centaur_altar,
          minmay_fractal_squares_5, uniq_duvessa, uniq_eustachio
D:6:      layout_gridville, serial_shops, nicolae_shop_statue_plus
D:7:      layout_cave_pools, serial_shops, nicolae_shop_waterfront, uniq_joseph
D:8:      layout_loops_ring, serial_shops, shop, minmay_circle_x
D:9:      layout_cave_pools, david_lair_shrubbed, uniq_grum
D:10:     layout_loops_ring, hellmonk_ghost_happy_afterlife, uniq_lodul
D:11:     layout_roguey, zombieorc2_lemuel
Lair:1:   layout_misc_corridors, wad_woods_road_01, uniq_fannar
Lair:2:   gammafunk_boulding_lane, layout_regular_city,
          skrybe_swamp_entry_bodies, pond, grunt_megastairs_4,
          lemuel_fruit_tree, serial_bayou_shore_b, serial_bayou_shore_a

Skill      XL: |  1  2  3  4  5  6  7  8  9 10 11 12 |
---------------+-------------------------------------+-----
Fighting       | 3 4 5 6 7 |  7.5
Dodging        | 3 4 5 6 7 |  7.4
Unarmed Combat | 4 5 6 7 9 10 12 | 12.1
Armour         | 1 2 3 4 5 6 |  6.7
Maces & Flails | 1 2 3 4 5 6 7 |  7.1

Action                   |  1- 3 |  4- 6 |  7- 9 | 10-12 || total
-------------------------+-------+-------+-------+-------++-------
Melee: Unarmed           |    90 |    94 |   353 |   362 ||   899
       Punch             |     1 |     2 |    12 |    25 ||    40
       Whip              |       |       |       |     5 ||     5
Invok: Berserk           |       |       |     4 |     6 ||    10
       Trog's Hand       |       |       |     4 |     6 ||    10
       Brothers in Arms  |       |       |       |     3 ||     3
  Use: Scroll            |       |       |    20 |     7 ||    27
 Stab: Sleeping          |       |       |     1 |     1 ||     2
       Distracted        |       |       |     1 |       ||     1
Armor: Animal skin       |    18 |       |       |       ||    18
       Robe              |    22 |    41 |    99 |       ||   162
       Steam dragon scal |       |       |     9 |    19 ||    28
       Acid dragon scale |       |       |       |    93 ||    93
Dodge: Dodged            |    46 |    37 |   155 |   160 ||   398

Table legend: (Time is in decaauts)
 A = Elapsed time spent in this place.
 B = Non-inter-level travel time spent in this place.
 C = Inter-level travel time spent in this place.
 D = Time resting spent in this place.
 E = Time spent auto-exploring this place.
 F = Levels seen in this place.
 G = Mean time per level.
                   A        B        C        D        E       F      G
               +--------+--------+--------+--------+--------+-----+--------+
         Total |   8998 |   8629 |    369 |    448 |   5926 |  13 |  692.2 |
       Dungeon |   8035 |   7687 |    348 |    448 |   5302 |  11 |  730.5 |
          Lair |    962 |    942 |     20 |      0 |    623 |   2 |  481.0 |
               +--------+--------+--------+--------+--------+-----+--------+

Top non-repeatable levels by time:
     D:5: 1142 daAuts
    D:10: 933 daAuts
     D:8: 878 daAuts
    D:11: 834 daAuts
  Lair:1: 818 daAuts
     D:9: 777 daAuts
     D:6: 740 daAuts
     D:4: 595 daAuts
     D:3: 553 daAuts
     D:1: 530 daAuts
     D:2: 528 daAuts
     D:7: 520 daAuts
  Lair:2: 144 daAuts
